 Dungeon Crawl Stone Soup version 0.23.2-33-g5129a83184 (webtiles) character file.

Game seed: 7790533396528478024

1256 funkygono the Cudgeler (level 8, 0/62 HPs)
             Began as a Formicid Fighter on June 26, 2019.
             Slain by an orc
             ... wielding a +0 flail
              (4 damage)
             ... on level 5 of the Dungeon on June 27, 2019.
             The game lasted 00:12:40 (3783 turns).

funkygono the Cudgeler (Formicid Fighter)           Turns: 3783, Time: 00:12:41

Health: 0/62       AC: -2    Str: 27    XL:     8   Next: 81%
Magic:  8/8        EV: 10    Int:  9    God:
Gold:   298        SH: 11    Dex: 13    Spells: 7/7 levels left

rFire    . . .     SeeInvis +   k - +3 whip (freeze)
rCold    . . .     Gourm    .   c - +0 shield
rNeg     . . .     Faith    .   p - +3 ring mail
rPois    .         Spirit   .   (helmet unavailable)
rElec    .         Reflect  .   (no cloak)
rCorr    .         Harm     .   (no gloves)
MR       .....                  (no boots)
Stlth    +.........             n - amulet of regeneration
HPRegen  0.60/turn              o - +3 ring of dexterity
MPRegen  0.11/turn              (no ring)

@: mighty, corroded
A: permanent stasis, dig shafts and tunnels, four strong arms, antennae 3
a: Dig, Shaft Self


You were on level 5 of the Dungeon.
You were not hungry.

You visited 1 branch of the dungeon, and saw 5 of its levels.

You collected 298 gold pieces.

Inventory:

Hand Weapons
 a - a +0 flail
 k - a +3 whip of freezing (weapon)
Missiles
 e - 210 stones (quivered)
 x - 21 sling bullets
Armour
 b - a +0 scale mail
 c - a +0 shield (worn)
 l - a +1 leather armour of positive energy
 p - a +3 ring mail (worn)
Jewellery
 n - an amulet of regeneration (around neck)
 o - a +3 ring of dexterity (left hand)
Wands
 g - a wand of digging (6)
 t - a wand of random effects (29)
Scrolls
 j - a scroll of identify
 q - 2 scrolls of remove curse
 s - 2 scrolls of amnesia
 v - a scroll of enchant weapon
Potions
 d - 4 potions of might
 h - a potion of resistance
 i - 3 potions of lignification
 m - a potion of curing
 r - 2 potions of invisibility {unknown}
 u - a potion of heal wounds {unknown}
Comestibles
 f - 5 rations
 w - 9 chunks of flesh


   Skills:
 + Level 5.2 Fighting
 + Level 6.9 Maces & Flails
 + Level 5.2 Armour
 + Level 1.5 Dodging
 + Level 1.0 Stealth
 + Level 6.5 Shields


You had 7 spell levels left.
You didn't know any spells.
Your spell library was empty.

Dungeon Overview and Level Annotations

Branches:
Dungeon (5/15)
 Temple: D:4-7

Altars:
Ashenzari
Elyvilon
Gozag
Hepliaklqana
Ru
Sif Muna
The Shining One

Shops:
D:4 ?

Annotations:
D:5 2 transporters


Innate Abilities, Weirdness & Mutations

You cannot be hasted, slowed, berserked, paralysed or teleported.
You can dig through walls and to a lower floor.
Your four strong arms can wield two-handed weapons with a shield.
You have a pair of large antennae on your head. (SInv)


Message History

The acid corrodes you!
You are splashed with acid!
* * * LOW HITPOINT WARNING * * *
You whack the orc! You freeze the orc.
You kill the orc!
You whack the jelly! You freeze the jelly.
You kill the jelly!
The orc hits you but does no damage.
Items here: )) [[ † a +0 dagger; a +0 robe; a +0 dagger; a cursed +0 robe; an orc corpse You closely miss the orc.
You block the orc's attack.
You closely miss the orc. The orc hits you with a +0 flail.
* * * LOW HITPOINT WARNING * * *
You hit the orc but do no damage. You barely miss the orc.
The orc barely misses you.
You hit the orc. You freeze the orc.
The orc is heavily wounded.
You closely miss the orc.
The orc is heavily wounded.
The orc hits you with a +0 flail.
You die...

#.##..###.....#.÷÷.## ###)...
#.)....####..###....## #....
#.......####......÷..# ##.##
.........# ###...........# #.#
....>....# #...>.....#.. #.#
.........# ###..####.#.## #..
.........###...# ..... #..
..........#...######...... #..
...............o@........#
###...........###).#...##
#........#..### ..#.....##
........$##..##..#.......# {
.........##.....##.......#
.......).#..#............#
#........................########
###.....##.####.##.......##......
....... ...................


You could see an orc.

Vanquished Creatures
  Grinder (D:4)
  A sky beast (D:5)
  2 ogres (D:4)
  A centaur (D:5)
  A gnoll sergeant (D:5)
  2 scorpions
  Dowan (D:5)
  A crimson imp (D:5)
  A jelly (D:5)
  A bullfrog skeleton (D:4)
  Natasha (thrice) (D:1)
  An orc wizard (D:5)
  3 worker ants
  2 worker ant zombies (D:5)
  3 gnolls (D:5)
  4 adders
  3 oozes
  3 worms
  A dart slug (D:3)
  4 leopard geckos
  15 orcs
  4 ball pythons
  7 bats
  3 giant cockroaches
  14 hobgoblins
  9 jackals
  7 kobolds
  2 quokkas
  2 frilled lizards
  13 goblins
  11 rats
  A bush (D:1)
  A plant (D:1)
128 creatures vanquished.

Notes
Turn   | Place    | Note
-------+----------+-------------------------------------------
     0 | D:1      | funkygono the Formicid Fighter began the quest for the Orb.
     0 | D:1      | Reached XP level 1. HP: 18/18 MP: 1/1
    59 | D:1      | Reached XP level 2. HP: 22/24 MP: 2/2
   147 | D:1      | Reached XP level 3. HP: 28/30 MP: 3/3
   656 | D:2      | Noticed Natasha
   671 | D:1      | Killed Natasha
   671 | D:1      | Reached XP level 4. HP: 28/37 MP: 4/4
   855 | D:1      | Noticed Natasha
   863 | D:1      | Killed Natasha
  1006 | D:1      | Noticed Natasha
  1015 | D:1      | Killed Natasha
  1015 | D:1      | Reached XP level 5. HP: 42/42 MP: 5/5
  1444 | D:2      | Found a sacrificial altar of Ru.
  1631 | D:3      | Reached XP level 6. HP: 48/48 MP: 6/6
  2575 | D:4      | Found Cifrawky's Magic Scroll Shoppe.
  2576 | D:4      | Noticed Grinder
  2600 | D:4      | Killed Grinder
  2600 | D:4      | Reached skill level 5 in Shields
  2600 | D:4      | Reached XP level 7. HP: 47/55 MP: 7/7
  2701 | D:4      | Reached skill level 1 in Stealth
  2819 | D:4      | Reached skill level 5 in Maces & Flails
  2855 | D:4      | Reached skill level 1 in Dodging
  2934 | D:4      | Found a white marble altar of Elyvilon.
  3046 | D:4      | Found an opulent altar of Gozag.
  3050 | D:4      | Found a deep blue altar of Sif Muna.
  3166 | D:4      | Found a hazy altar of Hepliaklqana.
  3189 | D:4      | Reached XP level 8. HP: 60/61 MP: 8/8
  3246 | D:5      | Entered Level 5 of the Dungeon
  3397 | D:5      | Reached skill level 5 in Fighting
  3421 | D:5      | Reached skill level 5 in Armour
  3569 | D:5      | Found a glowing golden altar of the Shining One.
  3571 | D:5      | Noticed an angel
  3636 | D:5      | Found a transporter.
  3695 | D:5      | Found a transporter.
  3716 | D:5      | Found a shattered altar of Ashenzari.
  3728 | D:5      | Noticed Dowan
  3758 | D:5      | Killed Dowan
  3771 | D:5      | HP: 2/62 [acid (8)]
  3779 | D:5      | HP: 2/62 [orc/+0 flail (1)]
  3783 | D:5      | Slain by an orc

Skill      XL: |  1  2  3  4  5  6  7  8 |
---------------+-------------------------+-----
Shields        | 4 5 6 |  6.5
Maces & Flails | 3 4 5 6 |  6.9
Fighting       | 4 5 |  5.2
Armour         | 4 5 |  5.2
Stealth        | 1 |  1.0
Dodging        | 1 |  1.5

Action                   |  1- 3 |  4- 6 |  7- 9 || total
-------------------------+-------+-------+-------++-------
Melee: Flail             |    67 |       |       ||    67
       Whip              |    17 |   307 |   163 ||   487
 Abil: Dig               |       |     1 |       ||     1
  Use: Scroll            |     5 |     5 |       ||    10
       Potion            |       |       |     3 ||     3
  Eat: Chunk             |       |     6 |     4 ||    10
Armor: Scale mail        |    22 |    35 |       ||    57
       Ring mail         |       |    10 |    53 ||    63
Dodge: Dodged            |    26 |    45 |    42 ||   113
Block: Shield            |    31 |    79 |    87 ||   197
